AoeStats
← [SAPR] Janstonbeats

MegaRandom

510480818Analyzed
2v2 RM · 20h ago on Oct 1, 2026· 32m 10s· 4 players
Game mode
Random Map
Map size
Medium (4 player)
Population
200
Speed
Normal
Resources
Standard
Victory
Conquest
Starting age
Dark Age
Ending age
Imperial Age
RankedLock teamsTeams togetherTeam positionsShared explorationLock speedFull tech treeHidden civsTurbo modeCheats
Victory
Defeat
🇺🇸 Mongols · United States
1235
+14
🇺🇸 Danes · United States
1191
+16
🇦🇺 Danes · Australia
1283
-18
🇫🇷 Mongols · France
1109
-12
Hemsy124
11:52 Feudal Age
15:49 Castle Age
13:36 Loom
14:27 Wheelbarrow
13:39 Double-Bit Axe
13:35 Horse Collar
15:12 Loom
16:02 Wheelbarrow
16:19 Loom
17:09 Wheelbarrow
16:25 Town Watch
17:31 Bow Saw
17:23 Heavy Plow
22:16 Hand Cart
25:01 Imperial Age
23:06 Hamask
23:49 Scale Mail Armor
23:59 Forging
25:17 Gambesons
25:32 Squires
25:18 Arson
25:51 Chain Mail Armor
26:11 Iron Casting
26:29 Conscription
27:30 Plate Mail Armor
26:37 Elite Jomsviking
30:55 Plate Mail Armor
30:06 Capped Ram
[SAPR] Janstonbeats
3:49 Loom
11:50 Feudal Age
15:51 Castle Age
14:37 Double-Bit Axe
14:35 Horse Collar
15:54 Bloodlines
17:44 Bow Saw
17:35 Heavy Plow
18:29 Wheelbarrow
Jazzmas
1:18 Loom
1:36 Loom
11:08 Feudal Age
12:00 Double-Bit Axe
12:16 Horse Collar
16:49 Castle Age
16:51 Wheelbarrow
17:23 Scale Mail Armor
17:35 Forging
18:28 Bow Saw
18:54 Chain Mail Armor
20:21 Squires
23:10 Gambesons
23:20 Hamask
24:23 Heavy Plow
29:20 Imperial Age
28:54 Iron Casting
28:45 Gold Mining
28:45 Stone Mining
29:16 Fletching
29:23 Elite Jomsviking
30:38 Plate Mail Armor
29:38 Light Cavalry
29:48 Capped Ram
32:08 Blast Furnace
30:55 Northmen's Fury
Man_Of__Fish
4:29 Loom
11:38 Feudal Age
13:38 Wheelbarrow
13:28 Double-Bit Axe
15:58 Castle Age
13:51 Horse Collar
14:10 Town Watch
19:18 Fletching
19:30 Padded Archer Armor
21:26 Bodkin Arrow
23:08 Leather Archer Armor
25:12 Hand Cart
29:01 Imperial Age
27:05 Ballistics
26:48 Husbandry
26:58 Bloodlines
28:51 Thumb Ring
29:48 Bracer
30:50 Chemistry
30:22 Parthian Tactics
30:19 Bow Saw
30:10 Heavy Plow
30:02 Gold Mining
Connection lost

Rejoining the realm…

Still unreachable

The connection could not be restored.

Session expired

The server has moved on; the page needs a fresh start.